 Dungeon Crawl Stone Soup version 0.25-a0-287-g56a5b49 (webtiles) character file.

Game seed: 5382338331149634117, levelgen mode: deterministic

134 FruityBerryJuice the Cudgeler (level 4, 0/60 HPs)
             Began as a Draconian Berserker on Dec 12, 2019.
             Was a Believer of Trog.
             Slain by Pikel
             ... wielding a +1 whip of freezing
              (1 damage)
             ... on level 6 of the Dungeon.
             The game lasted 00:08:36 (1389 turns).

FruityBerryJuice the Cudgeler (Draconian Berserker) Turns: 1389, Time: 00:08:38

Health: 0/60       AC:  6    Str: 25    XL:     4   Next: 95%
Magic:  4/4        EV: 13    Int:  8    God:    Trog [**....]
Gold:   86         SH:  0    Dex: 10    Spells: 3/3 levels left

rFire    . . .     SeeInvis .   a - +0 mace
rCold    . . .     Gourm    .   (no shield)
rNeg     . . .     Faith    .   (armour unavailable)
rPois    .         Spirit   .   (helmet restricted)
rElec    .         Reflect  .   h - +0 cloak
rCorr    .         Harm     .   (no gloves)
MR       .....                  (no boots)
Stlth    ..........             (no amulet)
HPRegen  0.20/turn              c - ring of wizardry
MPRegen  0.09/turn              (no ring)

@: berserking, slowed
A: unfitting armour, cold-blooded, AC +5
a: Berserk, Trog's Hand, Renounce Religion


You were on level 6 of the Dungeon.
You worshipped Trog.
Trog was pleased with you.
You were not hungry.

You visited 1 branch of the dungeon, and saw 6 of its levels.

You collected 86 gold pieces.

Inventory:

Hand Weapons
 a - a +0 mace (weapon)
 d - a +0 hand axe
 e - a +0 rapier
 m - a cursed +0 trident
Armour
 f - a +0 robe
 g - a +0 chain mail
 h - a +0 cloak (worn)
Jewellery
 c - a ring of wizardry (left hand)
Scrolls
 j - a scroll of remove curse {unknown}
 k - a scroll of magic mapping {unknown}
 l - a scroll of fog {unknown}
Potions
 i - a potion of flight {unknown}
Comestibles
 b - 7 rations


   Skills:
 + Level 3.9 Fighting
 + Level 4.7 Maces & Flails
 + Level 3.4 Dodging
 + Level 0.2 Stealth


You had 3 spell levels left.
You didn't know any spells.
Your spell library was empty.

Dungeon Overview and Level Annotations

Branches:
Dungeon (6/15)
 Temple: D:4-7

Altars:
Gozag
Okawaru

Annotations:
D:6 Pikel


Innate Abilities, Weirdness & Mutations

Your plain brown scales are hard. (AC +5)
You cannot fit into any form of body armour.
You are cold-blooded and may be slowed by cold attacks.


Message History

* * * LOW HITPOINT WARNING * * *
The centaur hits you.
* * * LOW HITPOINT WARNING * * *
A red film seems to cover your vision as you go berserk!
You feel yourself moving faster!
You feel mighty!
You feel a lot more hungry. The centaur closely misses you.
An orc comes into view.
The orc closely misses you.
Pikel hits you with a +1 whip of freezing.
* * * LOW HITPOINT WARNING * * *
You feel yourself slow down. Pikel freezes you.
* * * LOW HITPOINT WARNING * * *
The slave misses you.
You barely miss the slave. The centaur hits you.
* * * LOW HITPOINT WARNING * * *
Pikel hits you with a +1 whip of freezing!
* * * LOW HITPOINT WARNING * * *
You feel as though you will be slow longer.
Pikel freezes you.
You die...

..... #.... #...
#..## #..###
##....#####
##.pp......####
#.ooK#c........
#....o#@pp(....##
#....##...(....##
..>.##.........#
..# #.........##
. ##..(.<...##
#........##
#.......##
#.....### ######


You could see Pikel, 4 slaves, a centaur and 2 orcs.

Vanquished Creatures
  A bullfrog zombie (D:5)
  Terence (D:2)
  A worker ant (D:5)
  An adder (D:3)
  3 worms (D:2)
  A leopard gecko (D:1)
  3 orcs
  A ball python (D:2)
  A giant cockroach (D:2)
  A goblin (D:3)
  3 hobgoblins
  5 jackals
  5 bats
  2 frilled lizards (D:3)
  3 kobolds (D:1)
  2 rats
34 creatures vanquished.

Vanquished Creatures (others)
  A bat (D:2)
1 creature vanquished.

Grand Total: 35 creatures vanquished

Notes
Turn   | Place    | Note
-------+----------+-------------------------------------------
     0 | D:1      | FruityBerryJuice the Draconian Berserker began the quest
                  | for the Orb.
     0 | D:1      | Reached XP level 1. HP: 19/19 MP: 1/1
     3 | D:1      | Noticed an electric eel
    16 | D:1      | Noticed an electric eel
   247 | D:2      | Reached XP level 2. HP: 15/26 MP: 2/2
   830 | D:2      | Noticed Terence
   846 | D:2      | Killed Terence
   846 | D:2      | Reached skill level 4 in Maces & Flails
   846 | D:2      | Reached XP level 3. HP: 31/31 MP: 3/3
  1057 | D:3      | Reached ** piety under Trog
  1059 | D:3      | Found an opulent altar of Gozag.
  1087 | D:3      | Reached XP level 4. HP: 31/40 MP: 4/4
  1129 | D:3      | Found an iron altar of Okawaru.
  1272 | D:5      | Entered Level 5 of the Dungeon
  1349 | D:5      | Noticed an ogre
  1374 | D:6      | Noticed a slave
  1375 | D:6      | Noticed Pikel
  1375 | D:6      | Noticed a centaur
  1376 | D:6      | Noticed a slave
  1376 | D:6      | Noticed a slave
  1380 | D:6      | Noticed a slave
  1389 | D:6      | HP: 1/60 [Pikel/+1 whip of freezing (7)]
  1389 | D:6      | Slain by Pikel

Levels and vault maps discovered:
D:1:      arrival_aquarium_b, layout_basic, minmay_hedge_maze
D:2:      layout_rooms, zin_scriptorium, lemuel_old_faithful, uniq_terence
D:3:      layout_basic, old_standard_altar, lemuel_crystal_altar, first_ration,
          okawaru_ov_weapons_minmay
D:4:      layout_basic
D:5:      minmay_evil_eye, layout_gridville, overflow_temple_1_default,
          old_standard_altar, minmay_temple_entry_poolview,
          nicolae_ossuary_entry_catacombs
D:6:      layout_cave_pods, nemelex_dance_club_becter, uniq_pikel,
          uniq_prince_ribbit1, uniq_blork_the_orc

Skill      XL: |  1  2 |
---------------+-------+-----
Dodging        | 3 |  3.4
Maces & Flails | 4 |  4.7
Fighting       | |  3.9
Stealth        | |  0.2

Action                   |  1- 3 |  4- 6 || total
-------------------------+-------+-------++-------
Melee: Mace              |    84 |    34 ||   118
       Tailslap          |    12 |     2 ||    14
Invok: Berserk           |     2 |     3 ||     5
       Trog's Hand       |       |     1 ||     1
  Use: Potion            |     1 |       ||     1
  Eat: Ration            |     1 |     1 ||     2
Armor: Skin              |    40 |    10 ||    50
Dodge: Dodged            |    97 |    34 ||   131

Table legend:
 A = Non-vault XP
 B = Vault XP
 C = Vault XP percentage of total XP
 D = Non-vault monster count
 E = Vault monster count
 F = Vault count percentage of total count
                 A         B        C        D         E       F
            +---------+---------+-------+---------+---------+-------
      Total |     156 |      36 |  18.8 |      33 |       1 |   2.9
            +---------+---------+-------+---------+---------+-------
        D:1 |      11 |       0 |   0.0 |       7 |       0 |   0.0
        D:2 |      30 |      36 |  54.5 |      12 |       1 |   7.7
        D:3 |      32 |       0 |   0.0 |      11 |       0 |   0.0
        D:5 |      80 |       0 |   0.0 |       2 |       0 |   0.0
        D:6 |       3 |       0 |   0.0 |       1 |       0 |   0.0
            +---------+---------+-------+---------+---------+-------
